 Dungeon Crawl Stone Soup version 0.14-a0-788-g14b720c (webtiles) character file.

1749 Bloax the Cleaver (level 9, 0/60 HPs)
             Began as a Formicid Berserker on Nov 9, 2013.
             Was a Believer of Trog.
             Slain by a sheep (4 damage)
             ... on Level 8 of the Dungeon on Nov 10, 2013.
             The game lasted 00:20:47 (3016 turns).

Bloax the Cleaver (Formicid Berserker)              Turns: 3016, Time: 00:20:48

HP   0/60        AC  9     Str 26      XL: 9   Next: 33%
MP  13/14        EV  9     Int  6      God: Trog [**....]
Gold 202         SH  0     Dex 10      Spells:  0 memorised,  8 levels left

Res.Fire  : . . .   See Invis. : +   a - +0 hand axe
Res.Cold  : . . .   Warding    : .   e - +1 scale mail
Life Prot.: . . .   Conserve   : .   (no shield)
Res.Poison: x       Res.Corr.  : .   (helmet unavailable)
Res.Elec. : .       Clarity    : .   (no cloak)
Sust.Abil.: . .     Spirit.Shd : .   (no gloves)
Res.Mut.  : .       Stasis     : +   (no boots)
Res.Rott. : .       Flight     : .   (no amulet)
Saprovore : . . .                    (no ring)
                                     (no ring)

@: regenerating, very resistant to hostile enchantments, extremely unstealthy
A: permanent stasis, dig shafts and tunnels, four strong arms, poison weakness,
antennae 3, exoskeleton 1
a: Dig, Shaft Self, Burn Spellbooks, Berserk, Trog's Hand, Renounce Religion


You were on level 8 of the Dungeon.
You worshipped Trog.
Trog was pleased with you.
You were not hungry.

You visited 2 branches of the dungeon, and saw 9 of its levels.
You visited the Abyss 1 time.

You collected 202 gold pieces.


Innate Abilities, Weirdness & Mutations

Your are under a permanent stasis effect.
You can dig through walls and to a lower floor.
Your four strong arms can wield any weapon, most with a shield.
You are susceptible to poison.
You have a pair of large antennae on your head (SInv).
Your body is surrounded by an exoskeleton. (HP +5, AC +1)


   Skills:
 + Level 6.6 Fighting
 * Level 8.2 Axes
 - Level 1.0 Throwing
 - Level 3.9 Armour
 - Level 1.7 Dodging
 + Level 4.2 Evocations


You had 8 spell levels left.
You didn't know any spells.

Dungeon Overview and Level Annotations

Branches:
Dungeon (8/27)             Temple (1/1) D:5
    Orc: D:6-11        Lair: D:8-13

Altars:
Cheibriados
Elyvilon
Fedhas
Makhleb
Sif Muna
Vehumet
Xom
Zin
the Shining One

Inventory:

Hand weapons
 a - a +0,+0 hand axe (weapon)
 f - a +0 blowgun
   (You took it off a kobold on level 7 of the Dungeon)
 p - a +0,+0 hand axe
   (You took it off a kobold on level 4 of the Dungeon)
Missiles
 l - 4 javelins of returning (quivered)
 m - 18 poisoned needles
Armour
 e - a +1 scale mail (worn)
   (You found it on level 2 of the Dungeon)
Magical devices
 d - a wand of confusion (0)
   (You found it on level 6 of the Dungeon)
 g - a wand of lightning (3)
   (You found it on level 3 of the Dungeon)
Comestibles
 c - 3 bread rations
 j - 2 meat rations
Scrolls
 k - a scroll of teleportation {unknown}
 n - 5 scrolls of remove curse
Potions
 o - a potion of resistance {unknown}
 q - a potion of slowing {unknown}

#..###..# ##### #.......#
%%...+ { #.......#
#.....#{ ####..###..#
##'''###+#.....# #..#
#.....P~.#...>.# #.F#
#.PPP.~~P#.>...# #...
#P%..YPY~####[.# #.... #.
#.P.YP@~P# #..# #.###
#..#.~.~Y~PP# #..# .
#..####.###### #..#
#.......# #..# #..#
#.......# #..# #..#
#.......# #..# #..#
#.......# #..# #..#
#.......# #..# #..###.#
#.......###..###......###


You could see 2 yaks and 2 sheep.


Message History

Unknown command.
You completely miss the plant.
The plant is heavily damaged.
You hit the big kobold.
You kill the big kobold!
Trog accepts your kill.
Your Axes skill increases to level 8!
Your Evocations skill increases to level 4!
You hit the plant but do no damage.
The plant is heavily damaged.
You hit the big kobold.
You kill the big kobold!
Trog accepts your kill.
You hit the plant.
The plant is moderately damaged.
Unknown command.
You hit the plant but do no damage.
The plant is heavily damaged.
You hit the sheep.
The sheep is moderately wounded.
You hit the plant.
The plant is heavily damaged.
You hit the yak.
The yak is lightly wounded.
You hit the plant but do no damage.
The plant is moderately damaged.
The yak barely misses you.
Unknown command.
Unknown command.
You hit the yak but do no damage. You hit the plant but do no damage.
The plant is heavily damaged.
You closely miss the sheep.
The sheep is moderately wounded.
You hit the plant.
The plant is severely damaged.
You hit the yak but do no damage.
The yak is lightly wounded.
The sheep bites you! The yak gores you! The yak misses you.
Unknown command.
You hit the plant but do no damage.
The plant is heavily damaged.
You hit the sheep.
The sheep is moderately wounded.
You hit the plant.
The plant is severely damaged.
You hit the yak.
The yak is lightly wounded.
You hit the plant.
The plant is moderately damaged.
The sheep bites you.
* * * LOW HITPOINT WARNING * * *
The yak gores you!
* * * LOW HITPOINT WARNING * * *
Unknown command.
Read which item? (? for menu, Esc to quit)
As you read the scroll labeled CLUAST STRIONIE, it crumbles to dust.
Use on which item? (\ to view known items) (? for menu, Esc to quit)
Your wand of lightning (0) glows for a moment and now has 3 charges.
It was a scroll of recharging.
The yak gores you.
* * * LOW HITPOINT WARNING * * *
The sheep bites you.
* * * LOW HITPOINT WARNING * * *
The yak closely misses you.
Unknown command.
Read which item? (? for menu, Esc to quit)
As you read the scroll labeled MEARRA KIUKLUA, it crumbles to dust.
Nothing appears to happen.
The yak gores you!
* * * LOW HITPOINT WARNING * * *
The sheep bites you.
You die...

Action                   |  1- 3 |  4- 6 |  7- 9 || total
-------------------------+-------+-------+-------++-------
Melee: Hand axe          |   102 |    53 |   226 ||   381
 Fire: Blowgun           |       |       |     5 ||     5
Throw: Javelin           |       |       |    29 ||    29
Invok: Trog's Hand       |       |     5 |    10 ||    15
Evoke: Wand              |       |     6 |    14 ||    20
  Use: Scroll            |       |     1 |     6 ||     7
       Potion            |       |       |     4 ||     4
 Stab: Confused          |       |       |     1 ||     1

Vault maps used:
D:1:      onia_entry_pyramid, nemelex_xobeh_ov_fountains_minmay
D:4:      tso_altar
D:5:      minmay_temple_entry_large_hall, first_bread
D:7:      grunt_temple_overflow_open
D:8:      enter_ossuary_5, hangedman_ranch
Temple:   zaba_magenta_temple_12

Notes
Turn   | Place    | Note
--------------------------------------------------------------
     0 | D:1      | Bloax, the Formicid Berserker, began the quest for the Orb.
     0 | D:1      | Reached XP level 1. HP: 19/19 MP: 0/0
   205 | D:2      | Reached XP level 2. HP: 24/24 MP: 1/1
   490 | D:2      | Acquired Trog's second power
   550 | D:3      | Reached XP level 3. HP: 29/29 MP: 2/2
   868 | D:4      | Reached XP level 4. HP: 20/33 MP: 3/3
   869 | D:4      | Found a glowing golden altar of the Shining One.
   884 | D:4      | Noticed a phantom
   903 | D:4      | Killed a phantom
   903 | D:4      | Reached skill level 4 in Fighting
   903 | D:4      | Reached skill level 4 in Axes
   903 | D:4      | Reached skill level 3 in Armour
   903 | D:4      | Reached XP level 5. HP: 23/38 MP: 4/4
   910 | D:4      | Noticed Bloax's ghost (average FoFi)
   929 | D:4      | HP: 8/38 [Bloax's ghost (9)]
   931 | D:4      | Killed Bloax's ghost
   931 | D:4      | Reached XP level 6. HP: 12/44 MP: 5/5
   959 | D:4      | HP: 8/44 [iguana (5)]
   980 | D:4      | HP: 10/44 [iguana (4)]
   983 | D:4      | Reached skill level 5 in Axes
  1090 | D:4      | Reached skill level 5 in Fighting
  1099 | D:4      | Cast into the Abyss (gnoll)
  1120 | D:4      | Escaped the Abyss
  1122 | D:4      | HP: 3/44 [gnoll/mace of distortion (11)]
  1135 | D:4      | HP: 2/44 [gnoll/spear (3)]
  1154 | D:4      | HP: 2/44 [gnoll/mace of distortion (2)]
  1243 | D:4      | Reached XP level 7. HP: 25/49 MP: 6/6
  1311 | D:4      | HP: 9/49 [water moccasin skeleton (4)]
  1316 | D:4      | HP: 5/49 [poisoned by an adder]
  1324 | D:4      | HP: 9/49 [poisoned by an adder]
  1423 | D:5      | Entered Level 5 of the Dungeon
  1542 | D:5      | Found a staircase to the Ecumenical Temple.
  1551 | Temple   | Entered the Ecumenical Temple
  1854 | D:5      | Reached skill level 1 in Throwing
  2013 | D:6      | Reached skill level 6 in Axes
  2101 | D:6      | Reached skill level 1 in Evocations
  2332 | D:7      | Gained mutation: You have a pair of antennae on your head. [level up]
  2332 | D:7      | Reached XP level 8. HP: 33/54 MP: 8/8
  2338 | D:7      | HP: 13/54 [worm (3)]
  2364 | D:7      | HP: 9/54 [gnoll (7)]
  2369 | D:7      | HP: 5/54 [gnoll (4)]
  2420 | D:7      | HP: 10/54 [gnoll/whip (5)]
  2421 | D:7      | HP: 4/54 [gnoll/club (6)]
  2601 | D:7      | Reached skill level 2 in Evocations
  2742 | D:7      | HP: 13/54 [killer bee (4)]
  2747 | D:7      | Reached skill level 6 in Fighting
  2747 | D:7      | Reached skill level 7 in Axes
  2751 | D:7      | HP: 9/55 [poisoned by a killer bee]
  2782 | D:7      | HP: 11/55 [killer bee (4)]
  2787 | D:7      | HP: 6/55 [poisoned by a killer bee]
  2792 | D:7      | HP: 4/55 [centaur (6)]
  2794 | D:7      | Reached skill level 3 in Evocations
  2798 | D:7      | HP: 8/55 [poisoned by a killer bee]
  2803 | D:7      | HP: 10/55 [poisoned by a killer bee]
  2819 | D:7      | Upgraded the game from 0.14-a0-770-g009d3a2 to 0.14-a0-788-g14b720c
  2829 | D:7      | Reached XP level 9. HP: 24/59 MP: 13/13
  3011 | D:8      | Reached skill level 8 in Axes
  3011 | D:8      | Reached skill level 4 in Evocations
  3015 | D:8      | HP: 12/60 [sheep (6)]
  3016 | D:8      | HP: 4/60 [yak (9)]
  3016 | D:8      | Slain by a sheep

Vanquished Creatures
  The ghost of Bloax the Skirmisher, an average FoFi (D:4)
  An ice beast (D:7)
  An ogre (D:7)
  A phantom (D:4)
  2 big kobolds (D:8)
  3 centaurs
  2 giant frogs
  6 killer bees (D:7)
  2 crimson imps (D:7)
  A hound (D:4)
  An iguana (D:4)
  A centaur skeleton (D:6)
  A water moccasin skeleton (D:4)
  A scorpion (D:6)
  A worker ant (D:4)
  A hound skeleton (D:6)
  2 adders
  11 gnolls
  2 worms
  A giant gecko (D:4)
  A ball python (D:6)
  8 bats
  3 giant cockroaches
  12 hobgoblins
  6 kobolds
  2 quokkas
  A giant gecko skeleton (D:4)
  5 giant newts
  6 goblins
  A kobold zombie (D:5)
  5 rats
  A rat skeleton (D:6)
93 creatures vanquished.
